 Dungeon Crawl Stone Soup version 0.30.0-5-g1a98f26d00 (webtiles) character file.

Game seed: 8399972635785776526

3440 cheesebisquit the Fighter (level 9, -5/79 (86) HPs)
             Began as a Purple Draconian Fire Elementalist on May 8, 2023.
             Was a Believer of Vehumet.
             Slain by a wight
             ... wielding a +2 halberd of freezing
              (7 damage)
             ... on level 7 of the Dungeon.
             The game lasted 00:34:59 (9511 turns).

cheesebisquit the Fighter (DrFE)                    Turns: 9511, Time: 00:34:59

HP:   -5/79 (86)    AC:  7    Str: 11    XL:     9   Next: 77%
MP:   8/18          EV: 13    Int: 26    God:    Vehumet [**....]
Gold: 349           SH:  5    Dex: 17    Spells: 10/21 levels left

rFire   + + .        m - +7 whip "Widowermaker" {venom, rElec rF++ Will+}
rCold   . . .        (no shield)
rNeg    . . .        (body armour unavailable)
rPois   .            (helmet restricted)
rElec   +            x - scarf {repulsion}
rCorr   .            (no gloves)
SInv    .            (no boots)
Will    ++...        j - amulet of reflection
Stlth   +++          w - +6 ring of dexterity
HPRegen 0.33/turn    D - +6 ring of intelligence
MPRegen 0.16/turn

%: repel missiles, reflection
@: drained
A: breathe power, AC +7, unfitting armour, cold-blooded
a: Breathe Dispelling Energy, Renounce Religion


You were on level 7 of the Dungeon.
You worshipped Vehumet.
Vehumet was pleased with you.
You visited 2 branches of the dungeon, and saw 8 of its levels.

You collected 349 gold pieces.

Inventory:

Hand Weapons
 m - the +7 whip "Widowermaker" (weapon) {venom, rElec rF++ Will+}
   (You found it on level 5 of the Dungeon)

   rF:        It greatly protects you from fire.
   rElec:     It insulates you from electricity.
   Will:      It increases your willpower.
 z - a +3 flail
 G - a +4 morningstar
Missiles
 b - 9 boomerangs
 f - 3 boomerangs of dispersal
 l - 5 silver javelins
 n - 5 datura-tipped darts
 u - 13 poisoned darts
Armour
 x - a scarf of repulsion (worn)
Jewellery
 j - an amulet of reflection (around neck)
 w - a +6 ring of dexterity (left hand)
 A - an amulet of faith
 D - a +6 ring of intelligence (right hand)
Wands
 p - a wand of flame (13)
 E - a wand of quicksilver (8)
Scrolls
 d - a scroll of immolation
 s - a scroll of brand weapon {unknown}
 t - a scroll of fear {unknown}
 v - a scroll of magic mapping {unknown}
 y - a scroll of vulnerability {unknown}
 B - 2 scrolls of fog
 C - a scroll of amnesia {unknown}
 H - a scroll of blinking
Potions
 a - a potion of magic
 c - 2 potions of attraction {unknown}
 e - 3 potions of flight {unknown}
 g - 2 potions of ambrosia {unknown}
 h - a potion of curing
 i - a potion of resistance {unknown}
 k - 6 potions of brilliance
 o - 3 potions of heal wounds {unknown}
 q - a potion of cancellation {unknown}
 r - a potion of might {unknown}
 F - a potion of degeneration {unknown}
 I - a potion of mutation {unknown}


   Skills:
 + Level 10.6 Fighting
 + Level 4.2 Maces & Flails
 - Level 3.1 Dodging
 - Level 3.4 Stealth
 + Level 6.5 Spellcasting
 - Level 1.0 Conjurations
 + Level 5.8 Hexes
 - Level 3.0 Fire Magic


You had 10 spell levels left.
You knew the following spells:

 Your Spells              Type           Power      Damage    Failure   Level
a - Foxfire               Conj/Fire      72%        2x1d7     3%          1
b - Inner Flame           Hex/Fire       31%        N/A       3%          3
c - Portal Projectile     Hex/Tloc       46%        N/A       6%          3
d - Leda's Liquefaction   Hex/Erth       11%        N/A       21%         4

Your spell library contained the following spells:

 Spells                   Type           Power      Damage    Failure   Level
 Searing Ray              Conj           26%        2d5       7%          2
 Scorch                   Fire           48%        2d7       3%          2
 Apportation              Tloc           16%        N/A       7%          1
 Momentum Strike          Conj/Tloc      22%        3d8       9%          2
 Blink                    Tloc           16%        N/A       10%         2
 Lesser Beckoning         Tloc           16%        N/A       10%         2
 Sublimation of Blood     Necr           8%         N/A       10%         2
 Volatile Blastmotes      Fire/Tloc      32%        2d12      11%         3
 Call Canine Familiar     Summ           8%         N/A       21%         3
 Flame Wave               Conj/Fire      18%        2d7       28%         4
 Petrify                  Tmut/Erth      8%         N/A       54%         4
 Irradiate                Conj/Tmut      5%         3d13      83%         5
 Alistair's Intoxication  Tmut/Pois      5%         N/A       88%         5


Dungeon Overview and Level Annotations

Branches:
Dungeon (7/15)             Temple (1/1) D:4

Altars:
Ashenzari
Cheibriados
Dithmenos
Elyvilon
Fedhas
Gozag
Hepliaklqana
Kikubaaqudgha
Makhleb
Okawaru
Qazlal
Ru
Sif Muna
Trog
Uskayaw
Vehumet
Wu Jian
Xom
Yredelemnul
The Shining One


Innate Abilities, Weirdness & Mutations

You can breathe bolts of dispelling energy.
Your rich purple scales are hard. (AC +7)
You cannot fit into any form of body armour.
You are cold-blooded and may be slowed by cold attacks.


Message History

Casting: Foxfire (safe; 3% risk of failure)
Press: ? - help, Q - select action, (/) - cycle Dir - look around, f - activate You conjure some foxfire!
You feel yourself speed up.
The foxfire hits the wight.
The wight is severely damaged.
The foxfire hits the wight but does no damage.
The wight is severely damaged.
You block the wight's attack. The wight barely misses you.
Casting: Foxfire (safe; 3% risk of failure)
Press: ? - help, Q - select action, (/) - cycle Dir - look around, f - activate You conjure some foxfire!
The wight closely misses you. The wight misses you.
Found an Everburning Encyclopedia.
The foxfire hits the wight but does no damage.
The wight is moderately damaged.
The foxfire hits the wight but does no damage.
The wight is moderately damaged.
The wight hits you from afar with a +2 spear.
Casting: Foxfire (safe; 3% risk of failure)
Press: ? - help, Q - select action, (/) - cycle Dir - look around, f - activate You conjure some foxfire!
The wight closely misses you. You block the wight's attack.
A wight comes into view. It is wielding a +0 spear.
The foxfire hits the wight but does no damage.
The wight is moderately damaged.
The foxfire hits the wight but does no damage.
The wight is moderately damaged.
The wight hits you from afar with a +4 spear of freezing.
* * * LOW HITPOINT WARNING * * *
You feel drained.
* * * LOW HITPOINT WARNING * * *
The wight freezes you.
* * * LOW HITPOINT WARNING * * *
The wight hits you from afar with a +2 halberd of freezing!
* * * LOW HITPOINT WARNING * * *
You feel drained.
* * * LOW HITPOINT WARNING * * *
The wight freezes you!
You die...

#.z........#
#.........:#
#..........#
+..........#
#..........# #
#$.........##.#
#.............#
#......@...#
#.....ยง..z.#
####.#.z.z.#######
#####....##.##)......#
##....................#
.......................
##.###.#...............
#.#.#####.........
#.#.# #.........


You could see 4 wights.

Vanquished Creatures
  Joseph (D:6)
  A wyvern (D:6)
  2 sky beasts (D:7)
  2 water moccasins (D:5)
  A centaur (D:5)
  4 ogres
  2 phantoms (D:6)
  A kobold brigand (D:6)
  Blork the orc (D:5)
  A gnoll sergeant (D:7)
  7 scorpions
  7 wights (D:7)
  A howler monkey (D:6)
  4 hounds
  4 orc priests
  2 iguanas (D:7)
  3 jellies
  Jessica (D:3)
  5 orc wizards
  Ijyb (D:3)
  2 sleepcaps
  13 adders
  4 gnolls (D:7)
  2 river rats (D:5)
  A shadow imp (D:6)
  3 white imps
  An ufetubus (D:4)
  5 worms
  3 dart slugs
  37 orcs
  8 bats
  9 endoplasms
  3 giant cockroaches
  8 goblins
  10 hobgoblins
  4 jackals (D:1)
  7 quokkas
  9 ball pythons
  2 frilled lizards
  9 kobolds
  16 rats
207 creatures vanquished.

Vanquished Creatures (others)
  777 foxfires
777 creatures vanquished.

Grand Total: 984 creatures vanquished

Notes
Turn   | Place    | Note
-------+----------+-------------------------------------------
     0 | D:1      | cheesebisquit the Draconian Fire Elementalist began the
                  | quest for the Orb.
     0 | D:1      | Reached XP level 1. HP: 14/14 MP: 3/3
   147 | D:1      | You fall into a shaft and drop 1 floor!
   217 | D:2      | Reached XP level 2. HP: 22/22 MP: 1/5
   306 | D:1      | Reached skill level 1 in Fighting
   833 | D:1      | Reached XP level 3. HP: 28/28 MP: 0/6
  1733 | D:2      | Reached skill level 2 in Fighting
  1995 | D:3      | Reached XP level 4. HP: 36/36 MP: 5/7
  2353 | D:3      | Found an iron altar of Okawaru.
  2353 | D:3      | Found a snail-covered altar of Cheibriados.
  2360 | D:3      | Noticed Ijyb
  2365 | D:3      | Killed Ijyb
  2649 | D:3      | Noticed Jessica
  2658 | D:3      | Killed Jessica
  2659 | D:3      | Reached XP level 5. HP: 42/44 MP: 4/8
  2888 | D:3      | Reached skill level 3 in Fighting
  3216 | D:3      | Found a faded altar of an unknown god.
  3271 | D:4      | Reached skill level 4 in Fighting
  3463 | D:4      | Reached XP level 6. HP: 30/53 MP: 3/9
  3773 | D:4      | Found a glowing golden altar of the Shining One.
  3951 | D:4      | Reached skill level 5 in Fighting
  4118 | D:4      | Found a staircase to the Ecumenical Temple.
  4561 | D:5      | Entered Level 5 of the Dungeon
  4675 | D:5      | Reached skill level 6 in Fighting
  4746 | D:5      | Your scales start taking on a rich purple colour.
  4746 | D:5      | Reached XP level 7. HP: 64/64 MP: 2/10
  4992 | Temple   | Entered the Ecumenical Temple
  5046 | Temple   | Became a worshipper of Vehumet
  5092 | D:5      | Reached skill level 7 in Fighting
  5276 | D:5      | Reached skill level 8 in Fighting
  5524 | D:5      | Learned a level 3 spell: Inner Flame
  5528 | D:5      | Learned a level 3 spell: Portal Projectile
  5599 | D:5      | Reached skill level 1 in Hexes
  5599 | D:5      | Reached XP level 8. HP: 47/77 MP: 6/12
  5757 | D:5      | Reached skill level 9 in Fighting
  5903 | D:5      | Noticed Blork the orc
  5919 | D:5      | Killed Blork the orc
  6502 | D:5      | Reached * piety under Vehumet
  6502 | D:5      | Offered knowledge of Freeze by Vehumet.
  6675 | D:5      | Identified the +7 whip "Widowermaker" {venom, rElec rF++
                  | Will+}
  7150 | D:6      | Found a burning altar of Makhleb.
  7181 | D:6      | Reached skill level 1 in Maces & Flails
  7449 | D:5      | Reached skill level 5 in Spellcasting
  7449 | D:5      | Reached XP level 9. HP: 69/85 MP: 3/16
  8099 | D:6      | Reached skill level 10 in Fighting
  8184 | D:6      | Found a stormy altar of Qazlal.
  8350 | D:6      | Found a shimmering blue altar of Sif Muna.
  8386 | D:7      | Noticed Joseph
  8407 | D:6      | Killed Joseph
  8622 | D:7      | Reached skill level 5 in Hexes
  9380 | D:7      | Offered knowledge of Searing Ray by Vehumet.
  9386 | D:7      | Learned a level 4 spell: Leda's Liquefaction
  9429 | D:7      | Reached ** piety under Vehumet
  9511 | D:7      | HP: 4/82 [wight/+2 halberd of freezing (15)]
  9511 | D:7      | Slain by a wight

Illustrated notes

Levels and vault maps discovered:
D:1:      dpeg_arrival_shelter, layout_loops_cross
D:2:      layout_rooms, minmay_misc_feat_roman, dk_noncrumbling_4
D:3:      wad_crossroads, layout_basic, mainiacjoe_overflow_large_starburst,
          ebering_ecumenical_altar_abandoned, uniq_ijyb, uniq_jessica
D:4:      layout_cave_pods, nicolae_tso_carved_into_rock, temple_pool_b,
          minmay_fractal_squares_diagonal_5
D:5:      layout_loops_ring, lightli_sewer_entry_pipes,
          nicolae_figureground_pulse, uniq_blork_the_orc
D:6:      layout_basic, tgw_sif, marbit_many_paths,
          mainiacjoe_overflow_boulevard, st_stairs_13, corexii_checkpoint_a
D:7:      layout_basic, uniq_joseph
Temple:   nicolae_temple_ecumenical_triangle

Skill      XL: |  1  2  3  4  5  6  7  8  9 |
---------------+----------------------------+-----
Dodging        | 2 3 |  3.1
Stealth        | 2 3 |  3.4
Fighting       | 1 2 4 6 8 9 10 | 10.6
Hexes          | 1 4 5 |  5.8
Spellcasting   | 5 6 |  6.5
Maces & Flails | 2 4 |  4.2
Conjurations   | |  1.0
Fire Magic     | |  3.0

Action                     |  1- 3 |  4- 6 |  7- 9 || total
---------------------------+-------+-------+-------++-------
  Melee: Unarmed           |     9 |       |       ||     9
         Tailslap          |     8 |    11 |    25 ||    44
         Short sword       |    47 |    73 |    69 ||   189
         Punch             |       |     1 |     4 ||     5
         Whip              |       |       |    75 ||    75
   Cast: Foxfire           |    71 |   125 |   278 ||   474
         Portal Projectile |       |       |     1 ||     1
    Use: Scroll            |       |       |    10 ||    10
         Potion            |       |       |     7 ||     7
   Stab: Sleeping          |       |     1 |     1 ||     2
 Armour: Skin              |    50 |    44 |    69 ||   163
  Dodge: Dodged            |    82 |    69 |   186 ||   337
         Repelled          |       |       |     4 ||     4
  Block: Other             |       |     6 |    54 ||    60
